 Dungeon Crawl Stone Soup version 0.30-a0-135-g630cfc4551 (webtiles) character file.

Game seed: 1332805571459536157

39 greasedhog the Trooper (level 3, 0/42 HPs)
             Began as an Ogre Berserker on Sept 20, 2022.
             Was a Follower of Trog.
             Slain by a goblin
             ... wielding a +0 club
             ... led by Robin
              (6 damage)
             ... on level 2 of the Dungeon.
             The game lasted 00:02:20 (1158 turns).

greasedhog the Trooper (Ogre Berserker)             Turns: 1158, Time: 00:02:21

Health: 0/42       AC:  3    Str: 23    XL:     3   Next: 45%
Magic:  3/3        EV: 10    Int:  8    God:    Trog [*.....]
Gold:   85         SH:  0    Dex:  8    Spells: 2/2 levels left

rFire   . . .      SeeInvis .    a - +0 mace
rCold   . . .      Faith    .    (no shield)
rNeg    . . .      Spirit   .    b - +0 animal skin
rPois   .          Reflect  .    (helmet restricted)
rElec   .          Harm     .    (no cloak)
rCorr   .          Rampage  .    (gloves unavailable)
Will    .....                    (boots unavailable)
Stlth   +.........               (no amulet)
HPRegen 0.14/turn                (no ring)
MPRegen 0.08/turn                (no ring)

@: on berserk cooldown, slowed, very slow
A: large, unfitting armour, tough skin 1
a: Renounce Religion, Berserk


You were on level 2 of the Dungeon.
You worshipped Trog.
Trog was aware of your devotion.
You visited 1 branch of the dungeon, and saw 2 of its levels.

You collected 85 gold pieces.

Inventory:

Hand Weapons
 a - a +0 mace (weapon)
Armour
 b - a +0 animal skin (worn)
Scrolls
 g - a scroll of identify {unknown}
Potions
 c - a potion of lignification {unknown}
 d - a potion of heal wounds {unknown}
 e - a potion of brilliance {unknown}
 f - a potion of berserk rage {unknown}


   Skills:
 * Level 5.0 Fighting
 * Level 3.4 Maces & Flails
 - Level 2.6 Dodging


You had 2 spell levels left.
You didn't know any spells.
Your spell library was empty.

Dungeon Overview and Level Annotations

Branches:
Dungeon (2/15)

Altars:

Annotations:
D:2 Robin


Innate Abilities, Weirdness & Mutations

You are too large for most types of armour.
You have tough skin. (AC +1)


Message History

The ball python bites you. The goblin hits you but does no damage.
The ball python bites you but does no damage.
You completely miss the goblin.
Robin roars a battlecry!
The goblin goes into a battle-frenzy!
The goblin hits you with a +0 club. The ball python closely misses you.
The goblin hits you with a +0 club. The ball python closely misses you.
You closely miss the goblin.
The ball python bites you but does no damage.
The goblin hits you with a +0 club. The ball python barely misses you.
The goblin hits you with a +0 club.
You hit the goblin.
The goblin is moderately wounded.
The goblin no longer looks unusually strong.
The ball python closely misses you. The goblin hits you with a +0 club.
* * * LOW HITPOINT WARNING * * *
The ball python bites you.
* * * LOW HITPOINT WARNING * * *
You hit the goblin.
You kill the goblin!
Trog accepts your kill.
The ball python bites you but does no damage. x2
You hit the ball python but do no damage.
The ball python bites you but does no damage.
The ball python barely misses you.
Robin roars a battlecry!
The goblins go into a battle-frenzy!
You hit the ball python but do no damage.
The ball python bites you.
* * * LOW HITPOINT WARNING * * *
Robin roars a battlecry!
The ball python bites you but does no damage.
Robin throws the goblin at you!
* * * LOW HITPOINT WARNING * * *
The goblin barely misses you.
You closely miss the goblin. The ball python bites you.
* * * LOW HITPOINT WARNING * * *
The goblin closely misses you. The ball python barely misses you.
The goblin hits you with a +0 club.
You die...

#....g... #.# .#.#.
.........#######.#######.#.#.
...g... #....................
....g.. #..........##......##
...g.g. #.............._.....
.......##.............8.8....
........#....................
..........########.###.#..###
$.........gS@g).......†.>....
####....##g#############.####
#........# .........#
####.....# ######.#.# #.....#
...#.# #+###.. #..###.# ...
#..###.#### ... #..........
.#.####.####


You could see a hobgoblin (strong), 2 goblins and a ball python.

Vanquished Creatures
  An adder (D:2)
  3 ball pythons
  An endoplasm (D:2)
  A giant cockroach (D:2)
  9 goblins
  6 hobgoblins
  A kobold (D:1)
  2 frilled lizards (D:1)
24 creatures vanquished.

Notes
Turn   | Place    | Note
-------+----------+-------------------------------------------
     0 | D:1      | greasedhog the Ogre Berserker began the quest for the Orb.
     0 | D:1      | Reached XP level 1. HP: 24/24 MP: 1/1
   350 | D:1      | Reached XP level 2. HP: 18/33 MP: 2/2
  1098 | D:2      | Found a faded altar of an unknown god.
  1122 | D:2      | Noticed Robin
  1135 | D:2      | Reached XP level 3. HP: 41/41 MP: 3/3
  1149 | D:2      | Reached skill level 5 in Fighting
  1158 | D:2      | Slain by a goblin

Illustrated notes

Levels and vault maps discovered:
D:1:      dpeg_arrival_more_subterranean_lakeside_camping, layout_basic,
          chequers_decorated_corner
D:2:      layout_basic, dreamdust_ecumenical_altar_statues, uniq_robin

Skill      XL: |  1  2  3 |
---------------+----------+-----
Maces & Flails | 3 |  3.4
Fighting       | 5 |  5.0
Dodging        | |  2.6

Action                   || total
-------------------------++-------
Melee: Mace              ||    79
       Punch             ||     1
Invok: Berserk           ||     1
  Use: Scroll            ||     1
Armor: Animal skin       ||    34
Dodge: Dodged            ||    47

Table legend: (Time is in decaauts)
 A = Elapsed time spent in this place.
 B = Non-inter-level travel time spent in this place.
 C = Inter-level travel time spent in this place.
 D = Time resting spent in this place.
 E = Time spent auto-exploring this place.
 F = Levels seen in this place.
 G = Mean time per level.
                   A        B        C        D        E       F      G
               +--------+--------+--------+--------+--------+-----+--------+
         Total |   1179 |   1152 |     27 |    198 |    769 |   2 |  589.5 |
       Dungeon |   1179 |   1152 |     27 |    198 |    769 |   2 |  589.5 |
               +--------+--------+--------+--------+--------+-----+--------+

Top non-repeatable levels by time:
     D:1: 994 daAuts
     D:2: 185 daAuts
